 Dungeon Crawl Stone Soup version 0.32-a0-720-g1d96ad090f (webtiles) character file.

Game seed: 15853930479967822535

7 Ajdolov the Covered (level 1, 0/18 HPs)
             Began as an Armataur Fighter on Mar 16, 2024.
             Slain by a gnoll
             ... wielding a +0 flail
              (8 damage)
             ... on level 1 of the Dungeon.
             The game lasted 00:00:24 (146 turns).

Ajdolov the Covered (Armataur Fighter)               Turns: 146, Time: 00:00:25

Health: 0/18       AC:  6    Str: 21    XL:     1   Next: 83%
Magic:  1/1        EV:  6    Int:  8    God:
Gold:   0          SH:  4    Dex:  9    Spells: 0/0 levels left

rFire   . . .        a - +0 flail
rCold   . . .        c - +0 buckler
rNeg    . . .        b - +0 scale mail
rPois   .            (no helmet)
rElec   .            (no cloak)
rCorr   .            (no gloves)
SInv    .            (no barding)
Will    .....        (no amulet) Stlth
                     (no ring)
HPRegen 0.23/turn    (no ring)
MPRegen 0.40/turn

%: roll
@: no status effects
A: large, deformed body, tough skin 3, armoured tail, rollpage 1
a: no special abilities


You were on level 1 of the Dungeon.
You visited 1 branch of the dungeon, and saw 1 of its levels.

Inventory:

Hand Weapons
 a - a +0 flail (weapon)
Armour
 b - a +0 scale mail (worn)
 c - a +0 buckler (worn)
 f - a +0 kite shield
Scrolls
 e - a scroll of butterflies {unknown}
Potions
 d - a potion of might


   Skills:
 - Level 2.7 Fighting
 * Level 2.3 Maces & Flails
 - Level 3.6 Armour
 - Level 3.3 Shields


You couldn't memorise any spells.
You didn't know any spells.
Your spell library contained the following spells:

 Spells                   Type           Power      Damage    Failure   Level
 Kiss of Death            Conj/Necr      0%         2d5       82%         1
 Confusing Touch          Hex            0%         N/A       99%         3
 Dispel Undead            Necr           0%         3d6       100%        4


Dungeon Overview and Level Annotations

Branches:
Dungeon (1/15)

Altars:


Innate Abilities, Weirdness & Mutations

Armour fits poorly on your strangely shaped body.
You have extremely tough skin. (AC +3)
You have a long armoured tail.
You regenerate magic when rolling toward enemies. (Rampage MPRegen)


Message History

You kill the dart slug!
Your Maces & Flails skill increases to level 2!
No target in view!
HP restored.
Found 5 stones.
Sorry, you're not good enough to have a special ability.
Unknown command.
A bat comes into view.
The goblin shouts!
Found an escape hatch in the floor.
The hobgoblin shouts!
The bat hits you but does no damage.
A goblin breaks down the door.
You sock the bat!
You kill the bat!
Found a scroll labelled EBAUL JIBA.
You roll towards the goblin!
Found a club.
You barely miss the goblin.
Your tail-slap misses the goblin.
The goblin hits you with a +0 dagger.
You barely miss the goblin. The goblin hits you but does no damage.
You block the goblin's attack. The hobgoblin hits you.
You hit the hobgoblin.
You kill the hobgoblin!
The goblin hits you but does no damage.
You sock the goblin!
You kill the goblin!
No target in view!
You see here 5 stones.
e - a scroll labelled EBAUL JIBA
Found a kite shield.
You see here a +0 kite shield.
f - a +0 kite shield
Found 4 large rocks.
No target in view!
A gnoll comes into view. It is wielding a +0 flail.
The gnoll shouts!
You roll towards the gnoll!
You barely miss the gnoll. The gnoll hits you with a +0 flail.
You hit the gnoll.
The gnoll is moderately wounded.
The gnoll hits you with a +0 flail! x2
You die...

.............
.#....#....... ..#
.#.#.#...ß.... ..#
.....†.......# ..#
#..##........## #..#
...#...####...###...#
.#...)##..##........#.#
#.....'>##)#...ß......#
......###(##....@g..#
.##(...####...###...#
.#...........## #..#
.............# ..#
....##...ß....# .#
..#...#.......... .#
.##............... #
##################


You could see a gnoll.

Vanquished Creatures
  A dart slug (D:1)
  A goblin (D:1)
  A hobgoblin (D:1)
  A bat (D:1)
  A rat (D:1)
5 creatures vanquished.

Notes
Turn   | Place    | Note
-------+----------+-------------------------------------------
     0 | D:1      | Ajdolov the Armataur Fighter began the quest for the Orb.
     0 | D:1      | Reached XP level 1. HP: 18/18 MP: 1/1
   146 | D:1      | Slain by a gnoll

Illustrated notes

Levels and vault maps discovered:
D:1:      erik_arrival_cave_to_civilisation [erik_arrival_cave_to_hall],
          layout_basic, chequers_ecumenical_altar_simple_redux,
          minmay_misc_feat_four_crosses, serial_bayou_lagoon_a,
          serial_park_tiny_1

Skill      XL: |  1 |
---------------+----+-----
Maces & Flails | 2 |  2.3
Fighting       | |  2.7
Armour         | |  3.6
Shields        | |  3.3

Action                     || total
---------------------------++-------
  Melee: Flail             ||    10
 Armour: Scale mail        ||     9
  Dodge: Dodged            ||     1
  Block: Buckler           ||     1

Table legend: (Time is in decaauts)
 A = Elapsed time spent in this place.
 B = Non-inter-level travel time spent in this place.
 C = Inter-level travel time spent in this place.
 D = Time resting spent in this place.
 E = Time spent auto-exploring this place.
 F = Levels seen in this place.
 G = Mean time per level.
                   A        B        C        D        E       F      G
               +--------+--------+--------+--------+--------+-----+--------+
         Total |    148 |    148 |      0 |      0 |    121 |   1 |  148.0 |
       Dungeon |    148 |    148 |      0 |      0 |    121 |   1 |  148.0 |
               +--------+--------+--------+--------+--------+-----+--------+

Top non-repeatable levels by time:
     D:1: 148 daAuts
